 Dungeon Crawl Stone Soup version 0.28-a0-577-gb193047a1f (webtiles) character file.

Game seed: 9206835897772173517

432 iamoutofideas the Cleaver (level 7, -5/58 HPs)
             Began as a Hill Orc Abyssal Knight on Oct 2, 2021.
             Was a Believer of Lugonu.
             Killed by divine providence
             ... invoked by an orc priest
              (10 damage)
             ... on level 4 of the Dungeon.
             The game lasted 00:05:54 (4969 turns).

iamoutofideas the Cleaver (Hill Orc Abyssal Knight) Turns: 4969, Time: 00:05:54

Health: -5/58      AC:  4    Str: 18    XL:     7   Next: 0%
Magic:  7/8        EV: 11    Int:  8    God:    Lugonu [**....]
Gold:   188        SH:  0    Dex: 13    Spells: 6/6 levels left

rFire   . . .      SeeInvis .   a - +1 hand axe
rCold   . . .      Faith    .   (no shield)
rNeg    . . .      Spirit   .   b - +0 leather armour
rPois   .          Reflect  .   (no helmet)
rElec   .          Harm     .   (no cloak)
rCorr   .          Rampage  .   l - +0 pair of gloves
Will    .....                   (no boots)
Stlth   +.........              (no amulet)
HPRegen 0.19/turn               (no ring)
MPRegen 0.11/turn               (no ring)

@: no status effects
A: agile 1, dopey 1
a: Renounce Religion, Convert to Beogh, Depart the Abyss, Bend Space


You were on level 4 of the Dungeon.
You worshipped Lugonu.
Lugonu was pleased with you.
You visited 1 branch of the dungeon, and saw 4 of its levels.
You visited the Abyss 1 time.

You collected 188 gold pieces.

Inventory:

Hand Weapons
 a - a +1 hand axe (weapon)
Armour
 b - a +0 leather armour (worn)
 l - a +0 pair of gloves (worn)
Wands
 e - a wand of acid (13)
Scrolls
 c - 3 scrolls of teleportation
 f - a scroll of brand weapon
 g - a scroll of summoning {unknown}
 i - 3 scrolls of blinking
 j - a scroll of immolation
 k - a scroll of fog {unknown}
Potions
 d - 2 potions of ambrosia {unknown}
 h - a potion of attraction {unknown}


   Skills:
 - Level 3.9 Fighting
 + Level 9.4 Axes
 - Level 2.1 Armour
 - Level 0.7 Dodging
 - Level 2.4 Invocations


You had 6 spell levels left.
You didn't know any spells.
Your spell library contained the following spells:

 Spells                   Type           Power      Damage    Failure   Level
 Ozocubu's Armour         Ice            0%         N/A       83%         3
 Ozocubu's Refrigeration  Ice            0%         4d5       100%        7


Dungeon Overview and Level Annotations

Branches:
Dungeon (4/15)
 Temple: D:4-7

Altars:
Wu Jian
Yredelemnul

Shops:
D:2 [


Innate Abilities, Weirdness & Mutations

You are agile. (Dex +2)
You are dopey. (Int -2)


Message History

The orc priest looks satisfied for a moment.
The orc priest barely misses you.
You hit the orc priest but do no damage.
You barely miss the orc priest. The orc priest closely misses you.
The orc priest looks satisfied for a moment.
You closely miss the orc priest. You hit the orc priest.
The orc priest shouts, "Surrender to Beogh and we'll let you live!"
The orc priest calls upon Beogh to heal the orc priest.
The orc priest's wounds heal themselves!
An orc wizard comes into view. It is wielding a +0 dagger.
You slash the orc priest!
The orc priest is severely wounded.
You hit the orc priest.
The orc priest shouts, "Beogh is our master!
Accept the truth or die!"
The orc priest threatens, "By the altar or by the axe, you will meet Beogh!"
The orc priest hits you with a +0 dagger.
Unknown command.
You closely miss the orc priest.
The orc priest is lightly wounded.
You hit the orc priest.
The orc priest invokes the aid of Beogh against you.
Beogh smites you!
An orc wizard comes into view. It is wielding a +0 dagger.
The orc wizard shouts!
You slash the orc priest!
The orc priest shouts, "Join the one true god or die!"
The orc priest is severely wounded.
You hit the orc priest but do no damage.
The orc priest mumbles some strange prayers to Beogh against you.
Beogh smites you!
The orc priest mumbles some strange prayers to Beogh against you.
Beogh smites you!
* * * LOW HITPOINT WARNING * * *
The orc priest hits you with a +0 whip.
* * * LOW HITPOINT WARNING * * *
You hear a shout!
Space bends around you!
You blink.
The orc priest invokes the aid of Beogh against you.
Beogh smites you!
You die...

.....#...........##
)..................
##.......##########
.'.......+
#......)#
#...o.ยง.#
#.....o.#
#.###...o...#
#....@...####
#####o...# o.....#
#######


You could see 3 orc priests and an orc wizard.

Vanquished Creatures
  Sigmund (D:3)
  A bullfrog (D:4)
  A hound (D:4)
  An orc wizard (D:4)
  4 adders
  6 worms
  2 dart slugs (D:2)
  7 orcs
  4 bats
  14 endoplasms
  4 giant cockroaches
  10 goblins
  10 hobgoblins
  3 jackals (D:2)
  A quokka (D:2)
  8 ball pythons
  5 frilled lizards
  5 kobolds
  5 rats
92 creatures vanquished.

Vanquished Creatures (others)
  A plant (D:1)
1 creature vanquished.

Grand Total: 93 creatures vanquished

Notes
Turn   | Place    | Note
-------+----------+-------------------------------------------
     0 | Abyss:1  | iamoutofideas the Hill Orc Abyssal Knight began the quest
                  | for the Orb.
     0 | Abyss:1  | Reached XP level 1. HP: 19/19 MP: 2/2
    88 | Abyss:1  | Noticed a raiju
    88 | Abyss:1  | Noticed a raiju
    90 | D:1      | Escaped the Abyss
   204 | D:1      | Reached * piety under Lugonu
   205 | D:1      | Reached skill level 3 in Axes
   366 | D:1      | Reached XP level 2. HP: 13/27 MP: 3/3
   714 | D:1      | Reached skill level 4 in Axes
   988 | D:1      | Reached XP level 3. HP: 33/33 MP: 4/4
  1519 | D:1      | Found a faded altar of an unknown god.
  1850 | D:2      | Reached skill level 5 in Axes
  1861 | D:2      | Reached XP level 4. HP: 21/40 MP: 5/5
  2240 | D:2      | Found a basalt altar of Yredelemnul.
  2325 | D:2      | Found Bafrizi's Antique Armour Shoppe.
  2937 | D:2      | Reached ** piety under Lugonu
  2938 | D:2      | Reached skill level 6 in Axes
  3526 | D:3      | Reached XP level 5. HP: 46/46 MP: 6/6
  3569 | D:3      | Noticed Sigmund
  3586 | D:3      | Gained mutation: You are dopey. (Int -2) [potion of
                  | mutation]
  3586 | D:3      | Gained mutation: You are agile. (Dex +2) [potion of
                  | mutation]
  3603 | D:3      | HP: 3/69 [something (6)]
  3607 | D:3      | Killed Sigmund
  3608 | D:3      | Reached skill level 8 in Axes
  3608 | D:3      | Reached XP level 6. HP: 5/52 MP: 7/7
  4625 | D:4      | Reached skill level 9 in Axes
  4877 | D:4      | Found an ornate altar of the Wu Jian Council.
  4953 | D:4      | Reached XP level 7. HP: 45/58 MP: 8/8
  4969 | D:4      | Killed from afar by an orc priest

Illustrated notes

Levels and vault maps discovered:
D:1:      dpeg_arrival_morbid_curiosity, layout_loops_corners,
          dilly_ecumenical_altar_fadedgnrine
D:2:      layout_basic, serial_shops, shop, basic_altar, minmay_diced_spiral
D:3:      layout_basic, uniq_sigmund
D:4:      layout_basic, nzn_wu_jian_council_hall

Skill      XL: |  1  2  3  4  5  6 |
---------------+-------------------+-----
Axes           | 3 4 5 6 8 9 |  9.4
Fighting       | |  3.9
Armour         | |  2.1
Dodging        | |  0.7
Invocations    | |  2.4

Action                   |  1- 3 |  4- 6 |  7- 9 || total
-------------------------+-------+-------+-------++-------
Melee: Hand axe          |    89 |   196 |    13 ||   298
Invok: Depart the Abyss  |     1 |       |       ||     1
       Bend Space        |       |       |     1 ||     1
  Use: Potion            |       |     3 |       ||     3
       Scroll            |       |     5 |       ||     5
 Stab: Sleeping          |       |     1 |       ||     1
Armor: Leather armour    |    26 |    45 |     2 ||    73
       Skin              |       |     6 |       ||     6
Dodge: Dodged            |    69 |    79 |     4 ||   152

Table legend: (Time is in decaauts)
 A = Elapsed time spent in this place.
 B = Non-inter-level travel time spent in this place.
 C = Inter-level travel time spent in this place.
 D = Time resting spent in this place.
 E = Time spent auto-exploring this place.
 F = Levels seen in this place.
 G = Mean time per level.
                   A        B        C        D        E       F      G
               +--------+--------+--------+--------+--------+-----+--------+
         Total |   4966 |   4886 |     80 |   1281 |   2875 |   5 |  993.2 |
       Dungeon |   4876 |   4796 |     80 |   1281 |   2819 |   4 | 1219.0 |
         Abyss |     90 |     90 |      0 |      0 |     56 |   1 |   90.0 |
               +--------+--------+--------+--------+--------+-----+--------+

Top non-repeatable levels by time:
     D:1: 1892 daAuts
     D:2: 1491 daAuts
     D:3: 874 daAuts
     D:4: 618 daAuts
 Abyss:1: 90 daAuts
